 Dungeon Crawl Stone Soup version 0.28.0-53-g5a82cb258f (webtiles) character file.

Game seed: 13396271014494729616

77 xtBlank the Chopper (level 4, -3/39 HPs)
             Began as a Hill Orc Fighter on June 9, 2022.
             Killed from afar by a white imp (9 damage)
             ... with a puff of frost
             ... summoned by Natasha
             ... on level 2 of the Dungeon.
             The game lasted 00:02:23 (1258 turns).

xtBlank the Chopper (Hill Orc Fighter)              Turns: 1258, Time: 00:02:23

Health: -3/39      AC:  6    Str: 20    XL:     4   Next: 33%
Magic:  4/4        EV:  9    Int:  8    God:
Gold:   74         SH:  5    Dex: 16    Spells: 3/3 levels left

rFire   . . .      SeeInvis .   a - +0 war axe
rCold   . . .      Faith    .   c - +0 buckler
rNeg    . . .      Spirit   .   b - +0 scale mail
rPois   .          Reflect  .   (no helmet)
rElec   .          Harm     .   (no cloak)
rCorr   .          Rampage  .   (no gloves)
Will    .....                   (no boots)
Stlth   ..........              (no amulet)
HPRegen 0.13/turn               h - +6 ring of dexterity
MPRegen 0.09/turn               (no ring)

@: no status effects
A: no striking features
a: no special abilities


You were on level 2 of the Dungeon.
You visited 1 branch of the dungeon, and saw 2 of its levels.

You collected 74 gold pieces.

Inventory:

Hand Weapons
 a - a +0 war axe (weapon)
Missiles
 e - 5 poisoned darts (quivered)
 k - 19 stones
Armour
 b - a +0 scale mail (worn)
 c - a +0 buckler (worn)
Jewellery
 h - a +6 ring of dexterity (left hand)
Scrolls
 f - 2 scrolls of identify {unknown}
 g - a scroll of enchant armour {unknown}
 j - a scroll of noise {unknown}
Potions
 d - a potion of might
 i - a potion of lignification {unknown}


   Skills:
 - Level 3.6 Fighting
 + Level 5.9 Axes
 - Level 3.2 Armour
 - Level 3.2 Shields


You had 3 spell levels left.
You didn't know any spells.
Your spell library contained the following spells:

 Spells                   Type           Power      Damage    Failure   Level
 Freezing Cloud           Conj/Ice/Air   0%         6-21      100%        5
 Simulacrum               Ice/Necr       0%         N/A       100%        6
 Polar Vortex             Ice            0%         N/A       100%        9


Dungeon Overview and Level Annotations

Branches:
Dungeon (2/15)

Altars:

Annotations:
D:2 Natasha


Message History

HP restored.
You now have 74 gold pieces (gained 11).
You open the door.
There is an open door here.
There is an open door here.
Natasha, Servant of Life and Death comes into view.
Natasha hisses angrily.
Natasha stares at you and mumbles some strange words.
The magic dart hits you.
Natasha mumbles some strange words.
You barely miss Natasha. You hit the white imp but do no damage.
Natasha claws you but does no damage. The white imp barely misses you.
Natasha stares at you and mumbles some strange words.
You resist with some effort.
You barely miss Natasha. You hit the white imp.
You block the white imp's attack. Natasha claws you!
You barely miss Natasha. You barely miss the white imp.
The white imp spits at you. The white imp gestures at you.
The puff of frost hits you. Natasha claws you!
You hit Natasha.
Natasha is lightly wounded.
You hit the white imp but do no damage.
The white imp hits you but does no damage.
Natasha closely misses you.
You slash Natasha!
Natasha is severely wounded.
You completely miss the white imp. The white imp gestures at you.
The puff of frost hits you!
* * * LOW HITPOINT WARNING * * *
Natasha mumbles some strange words.
The white imp hits you but does no damage.
You block Natasha's attack.
You closely miss Natasha.
Natasha is severely wounded.
You hit the white imp. You closely miss the crimson imp.
The white imp gestures at you. The puff of frost hits you!
You die...

...# #..........# ....#
#..........#
#....>.....#
#........<.#
#..........# #
###..........## ...
#........#.....
##...#####.######.#.####
......h@5.......#.#.#
####..5....####.#.#.####
.........#.# #.#.......
.......#.#..###.###.####
####.....#..#.......#...
#.#.#.#..#.#.#####.##
#.#.#.#..#....≈≈♣≈PP≈
#.#.#.#..#♣♣♣♣♣≈≈P≈≈≈
#P♣P≈≈♣≈P≈≈≈≈≈≈


You could see Natasha, a crimson imp (summoned) and a white imp (summoned).

Vanquished Creatures
  Natasha (D:2)
  An adder (D:2)
  2 dart slugs (D:1)
  5 ball pythons (D:1)
  4 endoplasms
  2 giant cockroaches (D:1)
  3 goblins
  4 hobgoblins
  5 kobolds
  A quokka (D:1)
  3 bats (D:1)
  5 frilled lizards
36 creatures vanquished.

Vanquished Creatures (others)
  9 plants (D:2)
9 creatures vanquished.

Grand Total: 45 creatures vanquished

Notes
Turn   | Place    | Note
-------+----------+-------------------------------------------
     0 | D:1      | xtBlank the Hill Orc Fighter began the quest for the Orb.
     0 | D:1      | Reached XP level 1. HP: 19/19 MP: 1/1
    40 | D:1      | Reached skill level 3 in Axes
    79 | D:1      | Reached XP level 2. HP: 25/26 MP: 2/2
    93 | D:1      | Reached skill level 4 in Axes
   416 | D:1      | Reached XP level 3. HP: 31/31 MP: 3/3
   640 | D:1      | Reached skill level 5 in Axes
  1067 | D:2      | Noticed Natasha
  1072 | D:2      | Killed Natasha
  1073 | D:2      | Reached XP level 4. HP: 20/39 MP: 4/4
  1249 | D:2      | Noticed Natasha
  1258 | D:2      | Killed from afar by a white imp

Illustrated notes

Levels and vault maps discovered:
D:1:      dpeg_arrival_tiny_h, layout_loops_ring
D:2:      layout_basic, chequers_serial_rivers_marsh,
          chequers_serial_rivers_room_a, serial_bayou_lake_a, uniq_natasha,
          uniq_terence

Skill      XL: |  1  2  3 |
---------------+----------+-----
Axes           | 3 4 5 |  5.9
Fighting       | |  3.6
Armour         | |  3.2
Shields        | |  3.2

Action                   |  1- 3 |  4- 6 || total
-------------------------+-------+-------++-------
Melee: War axe           |    96 |     6 ||   102
  Use: Potion            |     2 |       ||     2
Armor: Scale mail        |    43 |     3 ||    46
Dodge: Dodged            |    41 |     2 ||    43
Block: Buckler           |    15 |     2 ||    17
